Map: Opérations galactiques EC

Players

zidar

  • Race: Zerg Zerg
  • League: Platinum
  • Spawn Location: 1:00

yogigr - Winner!

  • Race: Terran Terran
  • League: Gold
  • Spawn Location: 7:00

VOD

Have the link to the VOD?

Description

Time

  • Played on: Oct. 14, 2016, 2:49 p.m.
  • Length: 6:16
Show
View Real Time Build Order
Export as new Build Order

zidar Zerg 

Build Orders: Hatch First 

Get SALT Encoding   

  12  0:01  Drone  
  13  0:12  Overlord  
  13  0:17  Drone  
  14  0:31  Drone x2  
  16  0:54  Hatchery  
  16  0:56  Drone  
  16  0:59  Extractor  
  16  1:02  Drone  
  16  1:12  Drone x2  
  18  1:31  Drone  
  18  1:32  Spawning Pool  
  18  1:51  Drone x2  
  18  1:53  Overlord  
  20  2:18  Queen  
  20  2:21  Queen  
  24  2:27  Zergling x6  
  24  2:29  Metabolic Boost  
  27  2:33  Drone x2  
  29  2:38  Extractor  
  28  2:46  Drone x2  
  28  2:47  Baneling Nest  
  29  3:04  Drone x5  
  34  3:13  Overlord  
  34  3:34  Drone x2  
  34  3:35  Drone  
  35  3:57  Zergling x2  
  35  3:58  Zergling x2  
  35  3:59  Zergling x2  
  34  4:12  Zergling x2  
  34  4:13  Zergling x2  
  28  4:37  Overlord  
  28  4:38  Overlord x2  
  25  4:52  Spine Crawler x2  
  22  4:57  Zergling x14  
  29  5:14  Overlord x2  
  29  5:15  Overlord  
  28  5:32  Queen  
  30  5:38  Drone x7  
  37  6:03  Drone x5  
Show
View Real Time Build Order
Export as new Build Order

yogigr Terran - Winner!

Build Orders:  

Get SALT Encoding   

  12  0:03  SCV  
  13  0:15  SCV  
  13  0:20  Supply Depot  
  14  0:27  SCV  
  15  0:41  SCV  
  16  0:45  Barracks  
  16  0:53  SCV, Supply Depot  
  17  1:05  Barracks  
  17  1:07  SCV  
  18  1:21  Barracks  
  18  1:23  SCV  
  19  1:37  Marine  
  20  1:44  Orbital Command  
  20  1:53  Marine  
  21  1:55  Marine, Supply Depot  
  22  2:11  Marine  
  22  2:14  Marine x2  
  25  2:18  SCV  
  26  2:24  Refinery  
  26  2:29  Marine  
  27  2:31  Marine  
  27  2:32  Marine  
  29  2:39  Supply Depot  
  29  2:47  Marine  
  30  2:51  Barracks  
  29  3:12  Marine  
  29  3:13  Marine x2  
  32  3:21  SCV  
  33  3:29  Refinery  
  33  3:33  Marine x2, SCV  
  33  3:34  Marine  
  37  3:37  Command Center  
  37  3:44  Barracks Tech Lab  
  37  3:45  SCV  
  37  3:57  SCV  
  37  4:05  Marine x3  
  37  4:07  Marauder  
  42  4:23  Marine x2  
  44  4:28  Marauder  
  44  4:35  Marine  
  45  4:41  Marine x2  
  47  4:49  Marine  
  48  4:59  Marine  
  49  5:00  Marine x2  
  49  5:06  Engineering Bay  
  51  5:12  Barracks  
  51  5:16  Marine  
  51  5:17  Marine  
  51  5:18  Marine x2  
  50  5:31  Orbital Command  
  50  5:35  Marine, Marauder  
  53  5:37  Marine x2  
  55  5:43  SCV  
  56  5:56  SCV  
  57  5:59  SCV  
Tags
 
Add a new tag
Caveats
  • Supply blocks, unpowered buildings, or Contaminate may cause inaccurate times.
  • Supply counts are checked every 10 seconds.